 Dungeon Crawl Stone Soup version 0.31-a0-702-gf82c85558f (webtiles) character file.

Game seed: 4688568538928821208

20523 demibob the Brawler (level 12, -1/134 HPs)
             Began as a Troll Chaos Knight on Sept 8, 2023.
             Was a Plaything of Xom.
             Slain by a cane toad (21 damage)
             ... on level 1 of the Lair of Beasts.
             The game lasted 00:19:38 (9438 turns).

demibob the Brawler (Troll Chaos Knight)            Turns: 9438, Time: 00:19:39

Health: -1/134     AC:  9    Str: 23    XL:     12   Next: 46%
Magic:  11/11      EV:  9    Int:  8    God:    Xom [.*....]
Gold:   1807       SH:  0    Dex: 13    Spells: 11/11 levels left

rFire   . .          .
                       - Unarmed
rCold   . . .        (no shield)
rNeg    . . .        w - +0 acid dragon scales
rPois   .            (helmet restricted)
rElec   .            u - +0 cloak
rCorr   +            (gloves unavailable)
SInv    +            (boots unavailable)
Will    .....        f - amulet of the acrobat
Stlth   +            R - ring of resist corrosion
HPRegen 1.22/turn    v - ring of see invisible
MPRegen 0.12/turn

%: acrobat
@: lethally poisoned (-1 -> -6)
A: large, unfitting armour, claws 3, regeneration 1, shaggy fur 1, tough skin 1,
sense surroundings 1, robust 1, wild magic 1
a: Renounce Religion


You were on level 1 of the Lair of Beasts.
You worshipped Xom.
You were a plaything of Xom.
You visited 2 branches of the dungeon, and saw 13 of its levels.
You also visited: Bailey.

You collected 1924 gold pieces.
You spent 117 gold pieces at shops.


Innate Abilities, Weirdness & Mutations

You are too large for most types of armour.
You have claws for hands.
Your natural rate of healing is unusually fast.
You are covered in fur. (AC +1)
You have tough skin. (AC +1)
You passively map a small area around you.
You are robust. (+10% HP)
Your spells are a little harder to cast, but a little more powerful.


   Skills:
 + Level 8.6 Fighting
 + Level 4.0 Throwing
 - Level 1.9 Dodging
 - Level 17.8 Unarmed Combat


You had 11 spell levels left.
You didn't know any spells.
Your spell library contained the following spells:

 Spells                   Type           Power      Damage    Failure   Level
 Apportation              Tloc           0%         N/A       58%         1
 Necrotise                Necr           0%         1d4       58%         1
 Summon Small Mammal      Summ           0%         N/A       58%         1
 Cigotuvi's Dreadful Rot  Necr/Pois/Air  0%         N/A       71%         2
 Lesser Beckoning         Tloc           0%         N/A       71%         2
 Static Discharge         Conj/Air       0%         2-2/arc   71%         2
 Dazzling Flash           Conj/Hex       0%         N/A       90%         3
 Gell's Gravitas          Tloc           0%         N/A       90%         3
 Inner Flame              Hex/Fire       0%         N/A       90%         3
 Teleport Other           Tloc           0%         N/A       90%         3
 Airstrike                Air            0%         2d(0-16)  100%        4
 Dispel Undead            Necr           0%         3d6       100%        4
 Summon Lightning Spire   Summ/Air       0%         N/A       100%        4
 Agony                    Necr           0%         N/A       100%        5
 Silence                  Hex/Air        0%         N/A       100%        5
 Yara's Violent Unravell  Hex/Tmut       0%         3d3       100%        5
 Death Channel            Necr           0%         N/A       100%        6
 Enfeeble                 Hex            0%         N/A       100%        7

Inventory:

Missiles
 d - 8 javelins
 i - 9 large rocks {=f}
 r - 33 poisoned darts
 s - 2 curare-tipped darts {=f}
Armour
 u - a +0 cloak (worn)
 w - +0 acid dragon scales (worn)
Magical Staves
 B - a staff of poison {!a}
 E - a staff of fire {!a}
Jewellery
 f - an amulet of the acrobat (around neck)
 v - a ring of see invisible (right claw)
 F - a ring of fire
 R - a ring of resist corrosion (left claw)
Wands
 m - a wand of mindburst (17)
 q - a wand of digging (4)
 t - a wand of polymorph (5)
 x - a wand of flame (25)
Scrolls
 b - a scroll of butterflies
 l - 5 scrolls of teleportation {@r2}
 o - 9 scrolls of enchant armour
 y - 2 scrolls of fear
 z - a scroll of revelation
Potions
 a - 3 potions of cancellation
 c - 2 potions of haste {@q3}
 e - a potion of degeneration
 g - 2 potions of brilliance
 h - 2 potions of attraction
 j - 3 potions of might
 k - a potion of heal wounds {@q2}
 n - a potion of resistance
 p - 7 potions of curing {@q1}
 A - a potion of berserk rage {!q}
 C - a potion of ambrosia

Dungeon Overview and Level Annotations

Branches:
Dungeon (11/15)            Temple (0/1) D:5            Lair (2/5) D:8
    Orc (0/2) D:9          Bailey (visited)
  Swamp: Lair:2-3    Shoals: Lair:2-3     Snake: Lair:2-3    Spider: Lair:2-3

Altars:
Ashenzari
Cheibriados
Elyvilon
Fedhas
Kikubaaqudgha
Makhleb
Okawaru
Ru
Sif Muna
The Shining One

Shops:
D:1 *   D:3 *=:!

Portals:
Trove: D:11 (lose all piety)

#.....#.###..###..##..###..###
#....#### ####.....##...#..###
#...#.# ##.......##.......## #
#...### #..###.............###
#....# ##..#...#..##..........
##..## ###...........#..........
#....## #.............#.##.##....
###...###....#.⌠.⌠.##.....⌠.###..
##....##..#...@...#........####
###......#..lF...#.....>.⌠# #
##.............#..#.....# #
#.....#..⌠.⌠..#..##.⌠.#####
#..##..#........########.#.
##..#............##### ###..
#P..##..=.......##...###...#
##...#...###....#.........##
#...##........#...#P######


You could see a skyshark (berserk) and a cane toad.


Message History

You feel very sick. "Over there now!"
The cane toad blinks!
The skyshark bites you.
* * * LOW HITPOINT WARNING * * *
The skyshark enters a blood-rage!
The skyshark tail-slaps you.
* * * LOW HITPOINT WARNING * * *
The skyshark completely misses you.
You feel very sick. The skyshark completely misses you.
The skyshark tail-slaps you but does no damage.
The skyshark completely misses you.
You mangle the skyshark!!
The skyshark is moderately wounded.
You feel very sick. The skyshark completely misses you.
The skyshark tail-slaps you.
* * * LOW HITPOINT WARNING * * *
The skyshark tail-slaps you!
* * * LOW HITPOINT WARNING * * *
The cane toad barely misses you.
You scratch the skyshark but do no damage.
Your claw misses the skyshark.
The skyshark is moderately wounded.
You feel sick. The skyshark bites you!
* * * LOW HITPOINT WARNING * * *
The skyshark tail-slaps you!
* * * LOW HITPOINT WARNING * * *
The skyshark tail-slaps you but does no damage.
The cane toad stings you!!
You die...
Xom snickers!

Skill      XL: |  1  2  3  4  5  6  7  8  9 10 11 12 |
---------------+-------------------------------------+-----
Unarmed Combat | 4 5 6 8 10 12 14 16 17 | 17.8
Fighting       | 4 7 8 |  8.6
Throwing       | 4 |  4.0
Dodging        | |  1.9

Action                     |  1- 3 |  4- 6 |  7- 9 | 10-12 || total
---------------------------+-------+-------+-------+-------++-------
  Melee: Unarmed           |   122 |    85 |   143 |   539 ||   889
         Punch             |     2 |     4 |     9 |    42 ||    57
  Evoke: Wand              |       |       |     2 |     3 ||     5
    Use: Scroll            |     8 |     3 |     5 |    11 ||    27
         Potion            |       |       |     3 |     7 ||    10
   Stab: Sleeping          |     2 |       |       |     1 ||     3
         Invisible         |       |       |     2 |     4 ||     6
         Paralysed         |       |       |     1 |       ||     1
         Confused          |       |       |     2 |       ||     2
         Petrified         |       |       |       |     3 ||     3
         Petrifying        |       |       |       |     1 ||     1
         Distracted        |       |       |       |     1 ||     1
 Armour: Robe              |    70 |    40 |    31 |       ||   141
         Acid dragon scale |       |       |    40 |   355 ||   395
  Dodge: Dodged            |    68 |    39 |    72 |   276 ||   455

Levels and vault maps discovered:
D:1:      tarquinn_simple_flora_water_f, layout_loops_cross, serial_shops, shop
D:2:      kennysheep_big_flooded_room, layout_loops_ring, basic_altar, hex_tiny
D:3:      layout_rooms, elyvilon_altar_1, mainiacjoe_overflow_two_lobes,
          serial_shops, nicolae_shop_advertising_works
          [nicolae_subvault_shop_adworks], shop, nicolae_shop_stone,
          nicolae_shop_tiny_statue_garden
D:4:      layout_loops_ring, kennysheep_dice
D:5:      layout_basic, minmay_temple_entry_drinking_statues, serial_rivers,
          chequers_serial_rivers_room_a, chequers_serial_rivers_micro_b,
          chequers_serial_rivers_room_b, chequers_serial_rivers_micro_b
D:6:      layout_basic, lemuel_tele_altar, led_sif_pool, marbit_many_paths,
          dreamdust_mushroom_princess, grunt_decor_mini_mirrors,
          uniq_crazy_yiuf_cottage, uniq_maggie
D:7:      layout_cave_pools
D:8:      layout_loops_ring, dpeg_oklobed_lair, uniq_erica, uniq_maurice,
          uniq_joseph
D:9:      layout_roguey, nicolae_ashenzari_panopticon, zombieorc2_lemuel,
          lightli_church_of_beogh
D:10:     layout_rooms, lemuel_zombie_altar_kikubaaqudgha,
          mainiacjoe_overflow_surrounded_room, enter_bailey_5, minmay_checkerbox
D:11:     layout_cave_pools, nicolae_trove_entry_isolated, patterned_corridor
Lair:1:   layout_layer_cave, grunt_megastairs_2
Lair:2:   layout_loops_ring, palyth_hydra_swamp_entry,
          spider_nest_entry_web_field, gammafunk_ghost_split, uniq_amaemon

Notes
Turn   | Place    | Note
-------+----------+-------------------------------------------
     0 | D:1      | demibob the Troll Chaos Knight began the quest for the Orb.
     0 | D:1      | Reached XP level 1. HP: 22/22 MP: 0/0
   439 | D:1      | Found Soegoc's Assorted Antiques.
   447 | D:1      | Bought a scroll labelled BEFYOPP GEPOP for 26 gold pieces
   453 | D:1      | XOM: noise
   457 | D:1      | Reached XP level 2. HP: 29/29 MP: 1/1
   869 | D:2      | Reached skill level 4 in Unarmed Combat
  1027 | D:2      | Found a burning altar of Makhleb.
  1056 | D:2      | Reached XP level 3. HP: 36/36 MP: 2/2
  1351 | D:3      | Found Detrih's Book Shop.
  1384 | D:3      | XOM is BORED!
  1384 | D:3      | Found Ughukh's Distillery.
  1384 | D:3      | XOM: 2-stop teleportation journey
  1389 | D:3      | Found Kuyxu's Assorted Antiques.
  1437 | D:3      | Bought a potion of curing for 39 gold pieces
  1437 | D:3      | Bought a potion of might for 52 gold pieces
  1478 | D:3      | Found a white marble altar of Elyvilon.
  1527 | D:3      | Found Kipudua's Jewellery Emporium.
  1773 | D:3      | Found a sacrificial altar of Ru.
  1804 | D:3      | Found an iron altar of Okawaru.
  1978 | D:4      | XOM: blink monster(s)
  1992 | D:4      | Reached skill level 5 in Unarmed Combat
  1992 | D:4      | Reached XP level 4. HP: 17/44 MP: 3/3
  1998 | D:5      | Entered Level 5 of the Dungeon
  2006 | D:4      | XOM: summons friendly ufetubus
  2160 | D:4      | XOM: swap monsters
  2165 | D:4      | Reached XP level 5. HP: 50/50 MP: 4/4
  2192 | D:4      | Reached skill level 6 in Unarmed Combat
  2437 | D:4      | Reached XP level 6. HP: 59/59 MP: 5/5
  2502 | D:4      | XOM is BORED!
  2502 | D:4      | XOM: torment (31/59 hp)
  2635 | D:4      | Identified a potion of resistance
  2683 | D:5      | XOM: smoke on damage
  2685 | D:5      | Reached skill level 7 in Unarmed Combat
  2716 | D:5      | Found a staircase to the Ecumenical Temple.
  2764 | D:5      | XOM: butterfly on damage
  2836 | D:5      | Reached skill level 8 in Unarmed Combat
  2867 | D:5      | Reached XP level 7. HP: 49/66 MP: 6/6
  3255 | D:6      | Reached skill level 9 in Unarmed Combat
  3323 | D:6      | XOM: enchant monster (good)
  3324 | D:6      | XOM: chaos upgrade
  3334 | D:6      | XOM: summons friendly shadow imp
  3429 | D:6      | XOM: chaos cloud
  3442 | D:6      | Reached skill level 10 in Unarmed Combat
  3442 | D:6      | Reached XP level 8. HP: 74/74 MP: 7/7
  3568 | D:6      | XOM: cast spell 'Cause Fear'
  3570 | D:6      | Noticed Maggie
  3573 | D:6      | XOM: enchant monster (good)
  3577 | D:6      | XOM: summons friendly white imp
  3580 | D:6      | XOM: enchant monster (good)
  3609 | D:6      | Killed Maggie
  3674 | D:6      | Found a glowing golden altar of the Shining One.
  3830 | D:6      | Found a runed translucent door.
  3831 | D:6      | Noticed Crazy Yiuf
  3856 | D:6      | Found a shimmering blue altar of Sif Muna.
  3856 | D:6      | XOM: 1-stop teleportation journey
  3877 | D:6      | Reached skill level 11 in Unarmed Combat
  3976 | D:6      | Found a blossoming altar of Fedhas.
  4068 | D:6      | Killed Crazy Yiuf
  4165 | D:7      | XOM: god gift: short sword {god gift}
  4181 | D:7      | XOM: summons friendly white imp
  4347 | D:7      | XOM: noise
  4354 | D:7      | Reached skill level 12 in Unarmed Combat
  4354 | D:7      | Reached XP level 9. HP: 77/80 MP: 8/8
  4354 | D:7      | XOM: confuse monster(s)
  4364 | D:7      | Noticed a two-headed ogre
  4372 | D:7      | XOM: summons friendly white imp
  4373 | D:7      | Killed a two-headed ogre
  4374 | D:7      | Reached skill level 13 in Unarmed Combat
  4379 | D:7      | XOM: fake destruction
  4615 | D:8      | XOM: give mutations
  4615 | D:8      | Gained mutation: You passively map a small area around you.
                  | [Xom's grace]
  4615 | D:8      | Gained mutation: You passively map the area around you.
                  | [Xom's grace]
  4615 | D:8      | Gained mutation: Your system is resistant to poisons.
                  | (rPois) [Xom's grace]
  4665 | D:8      | XOM: fog
  4667 | D:8      | Reached skill level 14 in Unarmed Combat
  4672 | D:8      | XOM: fog
  4673 | D:8      | XOM: divine lightning
  4739 | D:8      | Noticed Maurice
  4739 | D:8      | XOM: destruction
  4741 | D:8      | Maurice changed into Maurice the tengu
  4741 | D:8      | Noticed Maurice
  4748 | D:8      | Killed Maurice the tengu
  4757 | D:8      | Reached XP level 10. HP: 51/88 MP: 9/9
  4785 | D:8      | Found a staircase to the Lair.
  4785 | D:8      | XOM: 2-stop teleportation journey
  4843 | D:8      | XOM: enchant monster (good)
  4903 | D:8      | Noticed Erica
  4905 | D:8      | Noticed Joseph
  4907 | D:8      | XOM: destruction
  4911 | D:8      | Killed Joseph
  4930 | D:8      | Killed Erica
  4931 | D:8      | Reached skill level 15 in Unarmed Combat
  5293 | D:8      | XOM: god gift: staff of poison
  5322 | D:9      | Noticed a two-headed ogre
  5322 | D:9      | XOM: enchant monster (good)
  5331 | D:9      | Killed a two-headed ogre
  5382 | D:9      | Found a staircase to the Orcish Mines.
  5399 | D:9      | XOM: cast spell 'Summon Small Mammal'
  5402 | D:9      | Reached skill level 16 in Unarmed Combat
  5414 | D:9      | XOM: cast spell 'Summon Small Mammal'
  5416 | D:9      | XOM: divination: magic mapping
  5453 | D:9      | Reached skill level 3 in Fighting
  5510 | D:9      | XOM: divination: detect items
  5556 | D:9      | XOM: cast spell 'Olgreb's Toxic Radiance'
  5677 | D:9      | XOM: silly message
  5776 | D:9      | Reached skill level 4 in Fighting
  5777 | D:9      | XOM: swap monsters
  5779 | D:9      | XOM: scenery: summon butterflies
  5791 | D:9      | Reached XP level 11. HP: 70/100 MP: 10/10
  5799 | D:9      | XOM: cast spell 'Alistair's Intoxication'
  5873 | D:9      | Found a broken altar of Ashenzari.
  6082 | D:9      | Found a runed translucent door.
  6149 | D:9      | Upgraded the game from 0.31-a0-700-gf13585253f to
                  | 0.31-a0-702-gf82c85558f
  6162 | D:9      | XOM: cast spell 'Cause Fear'
  6166 | D:9      | XOM: noise
  6188 | D:9      | Noticed an orc knight
  6198 | D:9      | Killed an orc knight
  6199 | D:9      | Reached skill level 5 in Fighting
  6300 | D:10     | Entered Level 10 of the Dungeon
  6305 | D:10     | Found a flagged portal.
  6324 | Bailey   | Entered a bailey
  6784 | Bailey   | Noticed an orc warlord
  6796 | Bailey   | XOM: potion effect (attraction)
  6798 | Bailey   | XOM: cast spell 'Alistair's Intoxication'
  6800 | Bailey   | Killed an orc warlord
  6801 | Bailey   | Reached skill level 17 in Unarmed Combat
  6873 | Bailey   | Acquired 941 gold pieces
  6942 | D:10     | XOM: potion effect (invisibility)
  6946 | D:10     | XOM: cast spell 'Olgreb's Toxic Radiance'
  6950 | D:10     | Reached skill level 6 in Fighting
  6989 | D:10     | Found a snail-covered altar of Cheibriados.
  7112 | D:10     | Noticed a purple ugly thing
  7112 | D:10     | Noticed a green ugly thing
  7124 | D:10     | Killed a green ugly thing
  7131 | D:10     | Killed a purple ugly thing
  7132 | D:10     | XOM: silly message
  7154 | D:10     | Reached skill level 7 in Fighting
  7189 | D:10     | Identified the +3 mace of Narrow Judgement {venom, rCorr
                  | Str+2 SInv}
  7322 | D:10     | Found an ancient bone altar of Kikubaaqudgha.
  7569 | D:11     | Found a portal to a secret trove of treasure.
  7587 | D:11     | Lost mutation: You passively map the area around you.
                  | [potion of mutation]
  7587 | D:11     | Lost mutation: Your system is resistant to poisons. (rPois)
                  | [potion of mutation]
  7587 | D:11     | Gained mutation: You are robust. (+10% HP) [potion of
                  | mutation]
  7587 | D:11     | Gained mutation: Your spells are a little harder to cast,
                  | but a little more powerful. [potion of mutation]
  7651 | D:11     | XOM: cast spell 'Leda's Liquefaction'
  7655 | D:11     | XOM: blink monster(s)
  7677 | D:11     | Reached XP level 12. HP: 42/129 MP: 11/11
  7769 | D:11     | Noticed a boulder beetle
  7787 | D:11     | Killed a boulder beetle
  8022 | D:11     | Reached skill level 1 in Throwing
  8254 | Lair:1   | Entered Level 1 of the Lair of Beasts
  8330 | Lair:1   | Reached skill level 2 in Throwing
  8338 | Lair:1   | Reached skill level 8 in Fighting
  8440 | Lair:1   | XOM: 1-stop teleportation journey
  8460 | Lair:1   | Reached skill level 3 in Throwing
  8706 | Lair:1   | XOM: stat loss: -1 Str (22/23)
  8971 | Lair:1   | XOM: enchant monster (bad)
  9012 | Lair:1   | Reached skill level 4 in Throwing
  9435 | Lair:1   | XOM: blink monster(s)
  9438 | Lair:1   | Slain by a cane toad

Vanquished Creatures
  An orc warlord (Bailey)
  Erica (D:8)
  A boulder beetle (D:11)
  2 two-headed ogres
  An orc knight (D:9)
  2 ugly things (D:10)
  A manticore (D:11)
  2 cyclopes (D:11)
  Joseph (D:8)
  A black mamba (Lair:1)
  6 cane toads (Lair:1)
  3 gargoyles (D:11)
  An unseen horror (D:10)
  Maggie (D:6)
  2 hornets
  A shadow (D:9)
  2 wyverns
  24 yaks
  2 steam dragons
  4 acid dragons
  4 water moccasins
  16 orc warriors
  3 sky beasts (D:7)
  An ice beast (D:7)
  3 wolves (Lair:1)
  2 ogres (D:5)
  3 centaurs
  A phantom (D:9)
  A tengu (D:8)
  3 kobold brigands
  A bullfrog (Lair:1)
  3 scorpions
  12 wights
  17 killer bees
  A troll zombie (D:9)
  7 howler monkeys
  5 jellies
  2 hounds
  Crazy Yiuf (D:6)
  3 orc priests
  A gnoll bouda (D:4)
  A sleepcap (D:4)
  5 iguanas
  4 orc wizards
  7 ogre zombies (D:9)
  10 gnolls
  7 adders
  A shadow imp (D:5)
  2 white imps (D:6)
  A dart slug (D:2)
  30 orcs
  4 ball pythons
  2 bat zombies (D:10)
  7 endoplasms
  4 giant cockroaches
  18 goblins
  12 hobgoblins
  3 quokkas
  6 bats
  3 frilled lizards
  2 goblin skeletons (D:9)
  4 goblin zombies (D:9)
  3 hobgoblin zombies (D:9)
  20 kobolds
  An orc skeleton (D:9)
  15 orc zombies (D:9)
  7 rats
  A rat zombie (D:10)
329 creatures vanquished.

Vanquished Creatures (collateral kills)
  A white imp (D:6)
  2 orcs (D:7)
3 creatures vanquished.

Vanquished Creatures (others)
  A steam dragon (D:8)
  An orc (D:8)
2 creatures vanquished.

Grand Total: 334 creatures vanquished

Table legend: (Time is in decaauts)
 A = Elapsed time spent in this place.
 B = Non-inter-level travel time spent in this place.
 C = Inter-level travel time spent in this place.
 D = Time resting spent in this place.
 E = Time spent auto-exploring this place.
 F = Levels seen in this place.
 G = Mean time per level.
                   A        B        C        D        E       F      G
               +--------+--------+--------+--------+--------+-----+--------+
         Total |   9214 |   8794 |    420 |    552 |   6620 |  14 |  658.1 |
       Dungeon |   7523 |   7115 |    408 |    400 |   5360 |  11 |  683.9 |
          Lair |   1156 |   1144 |     12 |      0 |   1038 |   2 |  578.0 |
        Bailey |    534 |    534 |      0 |    151 |    222 |   1 |  534.0 |
               +--------+--------+--------+--------+--------+-----+--------+

Top non-repeatable levels by time:
  Lair:1: 1149 daAuts
     D:9: 972 daAuts
     D:6: 849 daAuts
     D:8: 736 daAuts
    D:11: 715 daAuts
     D:4: 693 daAuts
     D:2: 690 daAuts
     D:1: 644 daAuts
     D:3: 631 daAuts
     D:5: 568 daAuts
    D:10: 554 daAuts
  Bailey: 534 daAuts
     D:7: 467 daAuts
  Lair:2: 6 daAuts

Table legend:
 A = Non-vault XP
 B = Vault XP
 C = Vault XP percentage of total XP
 D = Non-vault monster count
 E = Vault monster count
 F = Vault count percentage of total count
                 A         B        C        D         E       F
            +---------+---------+-------+---------+---------+-------
      Total |   20313 |    9006 |  30.7 |     212 |     121 |  36.3
            +---------+---------+-------+---------+---------+-------
        D:1 |      13 |       0 |   0.0 |       9 |       0 |   0.0
        D:2 |      32 |       4 |  11.1 |      19 |       2 |   9.5
        D:3 |      28 |       0 |   0.0 |      16 |       0 |   0.0
        D:4 |     278 |      40 |  12.6 |      25 |       2 |   7.4
        D:5 |     634 |       0 |   0.0 |      13 |       0 |   0.0
        D:6 |     660 |     420 |  38.9 |      18 |       3 |  14.3
        D:7 |    2628 |       0 |   0.0 |      21 |       0 |   0.0
        D:8 |    1441 |    1308 |  47.6 |      13 |       3 |  18.8
        D:9 |    4361 |    1547 |  26.2 |      39 |      52 |  57.1
       D:10 |    2518 |    1453 |  36.6 |      11 |      11 |  50.0
       D:11 |    4111 |       0 |   0.0 |      13 |       0 |   0.0
     Lair:1 |    3609 |    1301 |  26.5 |      15 |       4 |  21.1
     Bailey |       0 |    2933 | 100.0 |       0 |      44 | 100.0
            +---------+---------+-------+---------+---------+-------
